 Dungeon Crawl Stone Soup version 0.22.1 (webtiles) character file.

19147 MalarOregon the Severer (level 12, -4/145 HPs)
             Began as a Hill Orc Fighter on Sept 18, 2018.
             Was an Elder of Hepliaklqana.
             Slain by a five-headed hydra (8 damage)
             ... on level 4 of the Lair of Beasts.
             The game lasted 00:24:03 (12129 turns).

MalarOregon the Severer (Hill Orc Fighter)         Turns: 12129, Time: 00:24:03

Health: -4/145     AC: 27    Str: 17 (20) XL:     12   Next: 65%
Magic:  15/15      EV:  2    Int: 10 (12) God:    Hepliaklqana [****..]
Gold:   934        SH: 13    Dex: 13 (15) Spells: 5/11 levels left

rFire    . . .     SeeInvis .   P - +2 hand axe (venom)
rCold    . . .     Gourm    .   M - +2 shield
rNeg     + + +     Faith    .   (armour currently unavailable)
rPois    +         Spirit   .   (helmet currently unavailable)
rElec    .         Reflect  .   (cloak currently unavailable)
rCorr    .         Harm     .   (gloves currently unavailable)
MR       .....     NoTele   +   (boots currently unavailable)
Stlth    ++........             (no amulet)
HPRegen  0.34/turn              f - +5 ring of evasion
MPRegen  0.14/turn              g - +1 ring of protection

@: agile, tree-form (expiring)
A: reduced essence, mutation resistance 1
a: Recall Ancestor, Ancestor Identity, Transference, Idealise, Renounce Religion


You were on level 4 of the Lair of Beasts.
You worshipped Hepliaklqana.
Hepliaklqana was greatly pleased with you.
You were very hungry.
You were a tree.
You visited 3 branches of the dungeon, and saw 16 of its levels.

You collected 934 gold pieces.

Inventory:

Hand Weapons
 a - a +1 war axe
 I - the +7 dagger "Zinirexu" {pierce, +Inv}
   (You found it on level 6 of the Dungeon)

   It inflicts extra damage upon your enemies.
   It lets you turn invisible.
 P - a +2 hand axe of venom (weapon)
   (You took it off an orc on level 8 of the Dungeon)
 U - the +1 falchion "Giant's Toothpick" {pain, Str+4}
   (You found it on level 2 of the Lair of Beasts)

   In the hands of one skilled in necromantic magic, it inflicts extra damage on
   living creatures.
   It affects your strength (+4).
 V - the +4 hand axe "Wyfia" {pain, rPois rF+ Stlth+}
   (You found it on level 2 of the Lair of Beasts)

   In the hands of one skilled in necromantic magic, it inflicts extra damage on
   living creatures.
   It protects you from fire.
   It protects you from poison.
   It makes you more stealthy.
Missiles
 F - a throwing net (quivered) {!f}
Armour
 J - a +0 helmet (melded)
   (You found it on level 6 of the Dungeon)
 M - a +2 shield (worn)
   (You took it off a gnoll sergeant on level 8 of the Dungeon)
 O - the +1 chain mail of Dramatic Exits (melded) {*Slow Str+10 Dex-2 SInv}
   (You found it on level 8 of the Dungeon)

   It affects your strength (+10).
   It affects your dexterity (-2).
   It lets you see invisible.
   It may slow you when you take damage.
 R - a +0 cloak (melded)
   (You took it off Maurice on level 9 of the Dungeon)
Jewellery
 c - an uncursed ring of fire
   (You found it on level 10 of the Dungeon)
 f - a +5 ring of evasion (left branch)
   (You found it on level 1 of the Dungeon)
 g - a +1 ring of protection (right branch)
   (You found it on level 2 of the Dungeon)
 i - an uncursed ring of resist corrosion
   (You found it on level 1 of the Dungeon)
 l - an uncursed ring of protection from magic
   (You found it on level 2 of the Dungeon)
 s - an uncursed ring of protection from magic
   (You found it on level 2 of the Dungeon)
 w - an uncursed ring of positive energy
   (You found it on level 1 of the Lair of Beasts)
Wands
 d - a wand of iceblast (8)
   (You found it on level 1 of the Lair of Beasts)
 t - a wand of flame (57)
   (You found it on level 5 of the Dungeon)
 v - a wand of digging (7)
   (You found it on level 2 of the Lair of Beasts)
Scrolls
 j - a scroll of fear {unknown}
 k - 5 scrolls of identify {@r1}
 n - 8 scrolls of teleportation {@r4}
 q - 3 scrolls of magic mapping {unknown}
 r - 2 scrolls of remove curse {@r2}
 y - 3 scrolls of enchant weapon
 C - 4 scrolls of blinking
 G - a scroll of enchant armour {unknown}
 H - a scroll of torment {unknown}
 K - a scroll of immolation {unknown}
 S - a scroll of vulnerability {unknown}
 T - 2 scrolls of fog
 X - a scroll of amnesia
 Y - a scroll of noise {unknown}
 Z - a scroll of summoning {unknown}
Potions
 b - a potion of degeneration {!q}
 h - a potion of flight {unknown}
 m - 2 potions of invisibility {unknown}
 o - a potion of agility
 p - 4 potions of lignification {!q}
 x - a potion of berserk rage {unknown}
 z - a potion of mutation {!q}
 A - 3 potions of curing {@q1}
 B - 4 potions of haste {@q3}
 D - a potion of brilliance {unknown}
 E - a potion of resistance {unknown}
 N - 2 potions of might
Miscellaneous
 Q - a lightning rod (1/4) {!a}
   (You found it on level 9 of the Dungeon)
Comestibles
 e - 29 rations {!d}


   Skills:
 + Level 10.8 Fighting
 * Level 15.1 Axes
 + Level 9.9 Armour
 + Level 3.1 Dodging
 + Level 10.0 Shields
 + Level 2.4 Necromancy
 - Level 2.5 Fire Magic
 - Level 5.0 Invocations
 + Level 3.7 Evocations


You had 5 spell levels left.
You knew the following spells:

 Your Spells              Type           Power        Failure   Level  Hunger
a - Inner Flame           Hex/Fire       #.......     78%         3    ####...
q - Vampiric Draining     Necr           #.........   63%         3    ####...

Your spell library contained the following spells:

 Spells                   Type           Power        Failure   Level  Hunger
 Animate Skeleton         Necr           N/A          26%         1    ##.....
 Pain                     Necr           #...         26%         1    ##.....
 Confusing Touch          Hex            #.....       58%         1    ##.....
 Corona                   Hex            #......      58%         1    ##.....
 Ensorcelled Hibernation  Hex/Ice        #.....       73%         2    ###....
 Regeneration             Chrm/Necr      #.........   80%         3    ####...
 Confuse                  Hex            #.......     91%         3    ####...
 Dazzling Spray           Conj/Hex       #.....       91%         3    ####...
 Tukima's Dance           Hex            #.......     91%         3    ####...
 Animate Dead             Necr           N/A          95%         4    #####..
 Leda's Liquefaction      Hex/Erth       #.........   100%        4    #####..
 Lee's Rapid Deconstruct  Erth           #.........   100%        5    ######.
 Silence                  Hex/Air        #.........   100%        5    ######.


Dungeon Overview and Level Annotations

Branches:
Dungeon (11/15)            Temple (1/1) D:6            Lair (4/6) D:9
    Orc (0/2) D:11
  Swamp: Lair:2-4    Shoals: Lair:2-4     Snake: Lair:2-4    Spider: Lair:2-4

Altars:
Ashenzari
Cheibriados
Dithmenos
Elyvilon
Fedhas
Gozag
Hepliaklqana
Kikubaaqudgha
Makhleb
Nemelex Xobeh
Okawaru
Qazlal
Ru
Sif Muna
Trog
Uskayaw
Vehumet
Wu Jian
Xom
Yredelemnul
Zin
The Shining One

Shops:
D:4 [   D:5 (


Innate Abilities, Weirdness & Mutations

Your life essence is reduced to manifest your ancestor. (-10% HP)
You are somewhat resistant to further mutation.


Message History

The five-headed hydra barely misses you.
The five-headed hydra bites you but does no damage.
Aim: a five-headed hydra (heavily wounded, chance to defeat MR: 23%)
The five-headed hydra resists with almost no effort.
The five-headed hydra bites you.
* * * LOW HITPOINT WARNING * * *
You block the five-headed hydra's attack. x2
The five-headed hydra bites you!
* * * LOW HITPOINT WARNING * * *
The five-headed hydra bites you but does no damage.
Unknown command.
You feel much better.
You block the five-headed hydra's attack.
The five-headed hydra completely misses you.
The five-headed hydra bites you but does no damage. x3
Aim: a five-headed hydra (heavily wounded, chance to defeat MR: 23%)
The five-headed hydra resists with almost no effort.
The five-headed hydra bites you.
* * * LOW HITPOINT WARNING * * *
The five-headed hydra bites you!
* * * LOW HITPOINT WARNING * * *
You block the five-headed hydra's attack.
The five-headed hydra bites you but does no damage. x2
Aim: a five-headed hydra (heavily wounded, chance to defeat MR: 23%)
The five-headed hydra resists with almost no effort.
You block the five-headed hydra's attack.
The five-headed hydra bites you but does no damage.
You block the five-headed hydra's attack.
The five-headed hydra bites you.
* * * LOW HITPOINT WARNING * * *
The five-headed hydra bites you.
* * * LOW HITPOINT WARNING * * *
Aim: a five-headed hydra (heavily wounded, chance to defeat MR: 23%)
The five-headed hydra resists with almost no effort.
The now-empty wand crumbles to dust.
Your transformation is almost over.
The five-headed hydra bites you but does no damage. x2
The five-headed hydra completely misses you.
The five-headed hydra bites you but does no damage.
You block the five-headed hydra's attack.
The mass of ice explodes!
The iceblast engulfs the five-headed hydra.
The five-headed hydra bites you!
* * * LOW HITPOINT WARNING * * *
The five-headed hydra bites you but does no damage.
You block the five-headed hydra's attack.
The five-headed hydra bites you.
* * * LOW HITPOINT WARNING * * *
The five-headed hydra bites you!
You die...

..............P
.............#.#
...............#≈
....$...........≈
.?...............
.............%...
.........†.......
........F†...?...
.......<.♣.......
........†D.......
.................
................#
..............#..
P....P.........##
##...P#.......P#
#P..##.........


You could see a five-headed hydra and a spiny frog.

Vanquished Creatures
  A hydra (Lair:4)
  An unseen horror (D:11)
  A cyclops (D:11)
  2 black mambas
  A gargoyle (D:11)
  A spiny frog (Lair:2)
  A rime drake (Lair:3)
  2 komodo dragons (Lair:2)
  A hippogriff (Lair:2)
  6 blink frogs
  A vampire (D:11)
  19 yaks
  3 water moccasins
  5 porcupines
  A sky beast (D:5)
  5 ogres
  4 centaurs
  3 phantoms
  3 crocodiles
  5 bullfrogs
  3 gnoll sergeants
  2 scorpions
  3 wights (D:8)
  A crimson imp (D:7)
  3 bullfrog zombies
  6 hounds
  An orc priest (D:10)
  2 jellies
  2 bullfrog skeletons (D:4)
  A centaur skeleton (D:9)
  5 orc wizards
  8 worker ants
  3 iguanas
  3 worker ant zombies
  17 gnolls
  15 adders
  3 shadow imps
  An ooze (D:2)
  An adder skeleton (D:3)
  An adder zombie (D:6)
  2 worms
  5 dart slugs
  2 leopard geckos
  28 orcs
  10 bats
  5 giant cockroaches
  8 goblins
  10 hobgoblins
  8 jackals
  8 kobolds
  11 quokkas
  3 ball pythons
  A frilled lizard (D:2)
  2 quokka zombies (D:5)
  6 rats
  A fungus (Lair:1)
257 creatures vanquished.

Vanquished Creatures (collateral kills)
  A hydra (Lair:3)
  A two-headed ogre (D:9)
  Maurice (D:9)
  5 spiny frogs
  A rime drake (Lair:2)
  2 komodo dragons (Lair:1)
  2 hippogriffs
  4 blink frogs
  A spriggan (Lair:2)
  6 yaks
  A hungry ghost (D:7)
  2 water moccasins
  A sky beast (D:9)
  3 porcupines
  An ogre (D:8)
  A centaur (D:6)
  A big kobold (D:9)
  3 bullfrogs
  2 hounds
  2 orc wizards
  A jelly (D:9)
  A hound zombie (D:9)
  2 adders
  5 gnolls
  2 shadow imps
  An orc (D:11)
  2 kobolds (D:9)
55 creatures vanquished.

Vanquished Creatures (others)
  3 battlemagi
  An ancestor (D:8)
  4 plants
8 creatures vanquished.

Grand Total: 320 creatures vanquished

Notes
Turn   | Place    | Note
-------+----------+-------------------------------------------
     0 | D:1      | MalarOregon the Hill Orc Fighter began the quest for the
                  | Orb.
     0 | D:1      | Reached XP level 1. HP: 19/19 MP: 1/1
    39 | D:1      | Reached skill level 3 in Axes
    40 | D:1      | Reached XP level 2. HP: 15/27 MP: 2/2
   442 | D:1      | Reached XP level 3. HP: 33/33 MP: 3/3
   742 | D:2      | Reached skill level 4 in Axes
   765 | D:2      | Reached XP level 4. HP: 25/40 MP: 4/4
  1229 | D:2      | Found a glowing silver altar of Zin.
  1394 | D:3      | Reached XP level 5. HP: 47/47 MP: 5/5
  1493 | D:3      | Reached skill level 5 in Axes
  2064 | D:4      | Reached XP level 6. HP: 53/53 MP: 6/6
  2148 | D:4      | Found a sacrificial altar of Ru.
  2164 | D:4      | Found Uzxo's Armour Emporium.
  2221 | D:4      | Reached skill level 6 in Axes
  2279 | D:4      | Reached skill level 5 in Fighting
  2288 | D:4      | Found a stormy altar of Qazlal.
  2488 | D:4      | Reached XP level 7. HP: 61/61 MP: 7/7
  2670 | D:5      | Entered Level 5 of the Dungeon
  2790 | D:5      | Reached skill level 7 in Axes
  2790 | D:5      | Reached skill level 5 in Armour
  2790 | D:5      | Reached skill level 5 in Shields
  3659 | D:4      | Reached XP level 8. HP: 66/70 MP: 8/8
  3679 | D:5      | Reached skill level 8 in Axes
  3737 | D:5      | Found Numaki's Weapon Shop.
  3769 | D:4      | Found a snail-covered altar of Cheibriados.
  4242 | D:6      | Got an iridescent dagger
  4245 | D:6      | Identified the +7 dagger "Zinirexu" {pierce, +Inv} (You
                  | found it on level 6 of the Dungeon)
  4478 | D:6      | Found a staircase to the Ecumenical Temple.
  4595 | Temple   | Entered the Ecumenical Temple
  4688 | Temple   | Became a worshipper of Hepliaklqana the Forgotten
  4876 | D:6      | Reached skill level 9 in Axes
  5343 | D:7      | Reached * piety under Hepliaklqana
  5871 | D:7      | Reached XP level 9. HP: 68/70 MP: 9/9
  6083 | D:8      | Identified Nenuepel's Collected Works on the Ensnaring
                  | Mountains
  6129 | D:8      | Reached skill level 10 in Axes
  6586 | D:8      | Got an encrusted chain mail
  6668 | D:8      | Found a glowing golden altar of the Shining One.
  6685 | D:8      | Reached ** piety under Hepliaklqana
  6756 | D:8      | Remembered your ancestor Eadwine as a battlemage
  7096 | D:9      | Noticed a two-headed ogre
  7103 | D:9      | Killed a two-headed ogre
  7103 | D:9      | Reached skill level 11 in Axes
  7103 | D:9      | Reached XP level 10. HP: 45/79 MP: 10/10
  7127 | D:9      | Found an opulent altar of Gozag.
  7143 | D:9      | Found an iron altar of Okawaru.
  7367 | D:9      | Noticed Maurice
  7380 | D:9      | Killed Maurice
  7380 | D:9      | Reached skill level 12 in Axes
  7498 | D:9      | Found a staircase to the Lair.
  7522 | D:9      | Reached *** piety under Hepliaklqana
  7644 | D:9      | Identified the +1 chain mail of Dramatic Exits {*Slow
                  | Str+10 Dex-2 SInv} (You found it on level 8 of the Dungeon)
  7653 | D:10     | Entered Level 10 of the Dungeon
  8293 | D:11     | Noticed a gargoyle
  8338 | D:11     | Killed a gargoyle
  8657 | D:11     | Reached skill level 13 in Axes
  8698 | D:11     | Noticed a cyclops
  8700 | D:11     | Reached XP level 11. HP: 73/87 MP: 11/11
  8711 | D:11     | Killed a cyclops
  8720 | D:11     | Found a staircase to the Orcish Mines.
  8802 | D:11     | Noticed an unseen horror
  8802 | D:11     | Noticed a rakshasa
  8819 | D:11     | Killed an unseen horror
  9109 | Lair:1   | Entered Level 1 of the Lair of Beasts
  9134 | Lair:1   | Learned a level 3 spell: Inner Flame
  9215 | Lair:1   | Reached skill level 1 in Invocations
  9251 | Lair:1   | Reached skill level 1 in Evocations
  9259 | Lair:1   | Reached skill level 1 in Fire Magic
  9391 | Lair:1   | Reached skill level 10 in Fighting
  9391 | Lair:1   | Reached skill level 1 in Dodging
  9416 | Lair:1   | Reached skill level 14 in Axes
 10403 | Lair:2   | Got a faintly glowing falchion
 10792 | Lair:2   | Found a glowing golden altar of the Shining One.
 10808 | Lair:2   | Identified the cursed +1 falchion "Giant's Toothpick"
                  | {pain, Str+4} (You found it on level 2 of the Lair of
                  | Beasts)
 10852 | Lair:2   | Got a smoking hand axe
 10853 | Lair:2   | Identified the +4 hand axe "Wyfia" {pain, rPois rF+ Stlth+}
                  | (You found it on level 2 of the Lair of Beasts)
 10858 | Lair:2   | Learned a level 3 spell: Vampiric Draining
 10943 | Lair:2   | Reached XP level 12. HP: 96/96 MP: 14/14
 11368 | Lair:3   | Reached skill level 1 in Necromancy
 11731 | Lair:3   | Reached **** piety under Hepliaklqana
 11760 | Lair:3   | Noticed a four-headed hydra
 11774 | Lair:3   | Killed a four-headed hydra
 12063 | Lair:4   | Noticed a seven-headed hydra
 12073 | Lair:4   | Killed a seven-headed hydra
 12073 | Lair:4   | Reached skill level 15 in Axes
 12088 | Lair:4   | Gained mutation: You are somewhat resistant to further
                  | mutation. [potion of mutation]
 12095 | Lair:4   | Reached skill level 10 in Shields
 12099 | Lair:4   | Reached skill level 5 in Invocations
 12115 | Lair:4   | Noticed a five-headed hydra
 12129 | Lair:4   | HP: 6/145 [five-headed hydra (7)]
 12129 | Lair:4   | Slain by a five-headed hydra

Skill      XL: |  1  2  3  4  5  6  7  8  9 10 11 12 |
---------------+-------------------------------------+-----
Axes           | 3 4 5 6 7 9 11 13 14 15 | 15.1
Fighting       | 4 5 6 8 9 10 | 10.8
Shields        | 4 5 6 7 8 9 10 | 10.0
Armour         | 4 5 6 7 8 9 |  9.9
Invocations    | 3 5 |  5.0
Evocations     | 2 3 |  3.7
Fire Magic     | 2 |  2.5
Dodging        | 2 3 |  3.1
Necromancy     | 2 |  2.4

Action                   |  1- 3 |  4- 6 |  7- 9 | 10-12 || total
-------------------------+-------+-------+-------+-------++-------
Melee: War axe           |    96 |   293 |   408 |       ||   797
       Dagger            |       |       |     7 |     7 ||    14
       Hand axe          |       |       |    23 |   441 ||   464
Invok: Ancestor Life: Ba |       |       |     1 |       ||     1
Evoke: Wand              |       |       |       |    22 ||    22
       Lightning rod     |       |       |       |     4 ||     4
  Use: Scroll            |       |       |       |     9 ||     9
       Potion            |       |       |       |     7 ||     7
 Stab: Distracted        |       |       |     1 |     4 ||     5
  Eat: Chunk             |       |     6 |    17 |    15 ||    38
Armor: Scale mail        |    31 |       |       |       ||    31
       Chain mail        |    32 |   157 |   167 |    89 ||   445
       Skin              |       |       |       |    29 ||    29
Dodge: Dodged            |    35 |   102 |   161 |   132 ||   430
Block: Shield            |    70 |   170 |   200 |   246 ||   686
